 Dungeon Crawl Stone Soup version 0.31-a0-692-gf03d1854d5 (webtiles) character file.

Game seed: 6908948980432606585

62 qw the Shooter (level 4, -2/27 HPs)
             Began as a Gargoyle Hunter on Sept 6, 2023.
             Slain by an orc
             ... wielding a +3 dagger
              (4 damage)
             ... on level 3 of the Dungeon.
             The game lasted 00:00:30 (1228 turns).

qw the Shooter (Gargoyle Hunter)                    Turns: 1228, Time: 00:00:31

Health: -2/27      AC:  9    Str: 14    XL:     4   Next: 8%
Magic:  4/4        EV: 10    Int: 10    God:
Gold:   40         SH:  0    Dex: 15    Spells: 3/3 levels left

rFire   . . .        Y - +0 shortbow
rCold   . . .        (shield currently unavailable)
rNeg    + . .        i - +0 ring mail
rPois   inf          (no helmet)
rElec   +            b - +0 cloak
rCorr   .            (no gloves)
SInv    .            (no boots)
Will    .....        (no amulet)
Stlth   +            (no ring)
HPRegen 0.24/turn    (no ring)
MPRegen 0.09/turn

%: no passive effects
@: no status effects
A: sickness immunity, AC +3, negative energy resistance 1, electricity
resistance, torment resistance 1, petrification resistance
a: no special abilities


You were on level 3 of the Dungeon.
You visited 1 branch of the dungeon, and saw 3 of its levels.

You collected 40 gold pieces.


Innate Abilities, Weirdness & Mutations

You are immune to sickness and miasma.
Your stone body is resilient. (AC +3)
You are immune to poison.
You resist negative energy. (rN+)
You are resistant to electric shocks. (rElec)
You are resistant to unholy torment.
You are immune to petrification.


   Skills:
 + Level 2.9 Fighting
 - Level 5.0 Ranged Weapons
 - Level 1.0 Armour
 - Level 1.5 Dodging
 - Level 1.1 Stealth


You had 3 spell levels left.
You didn't know any spells.
Your spell library was empty.

Inventory:

Hand Weapons
 Y - a +0 shortbow (weapon)
Armour
 b - a +0 cloak (worn)
 i - a +0 ring mail (worn)
Scrolls
 a - a scroll of identify
Potions
 e - a potion of haste
 h - 2 potions of curing

Dungeon Overview and Level Annotations

Branches:
Dungeon (3/15)

Altars:


Message History

The orc priest hits you but does no damage.
You shoot an arrow.
The arrow completely misses the orc priest.
The orc hits you with a +3 dagger. Something hits you but does no damage.
The orc priest closely misses you.
A dart slug comes into view.
The orc hits you but does no damage.
You shoot an arrow. The arrow barely misses the orc priest.
Something hits you. The orc priest completely misses you. The orc misses you.
Something hits you but does no damage.
The orc priest hits you with a +0 hand axe.
1224 ||| DRINKING potion of heal wounds.
You feel much better. The orc closely misses you.
The orc priest barely misses you. Something hits you but does no damage.
You shoot an arrow.
The arrow hits the orc priest but does no damage.
The orc priest is moderately wounded.
The orc hits you but does no damage. Something hits you but does no damage.
The orc priest looks braver for a moment.
You shoot an arrow. The arrow barely misses the orc priest.
The orc hits you but does no damage.
The orc priest mumbles some strange prayers to Beogh against you.
Beogh smites you!
Ouch! That really hurt!
Something hits you.
You shoot an arrow.
The arrow hits the orc priest but does no damage.
The orc priest is moderately wounded.
The orc hits you but does no damage. Something hits you.
The orc priest closely misses you. The dart slug launches a dart at you.
The slug dart hits something but does no damage.
The orc misses you.
You shoot an arrow. The arrow hits the orc priest.
The orc priest is moderately wounded.
Something hits you.
The orc priest hits you with a +0 hand axe.
The orc hits you with a +3 dagger.
You die...

##..........
#............
#.$..>.......
#............
#............
#...w.....>..
#............
#{o?.......
#@o<######
#####


You could see an orc priest, a dart slug and an orc.

Vanquished Creatures
  2 adders (D:2)
  A worm (D:2)
  3 dart slugs
  An orc (D:3)
  5 bats
  4 endoplasms
  4 giant cockroaches
  4 hobgoblins
  3 kobolds
  A ball python (D:1)
  2 frilled lizards (D:2)
  2 goblins
  A rat (D:1)
33 creatures vanquished.

Notes
Turn   | Place    | Note
-------+----------+-------------------------------------------
     0 | D:1      | qw the Gargoyle Hunter began the quest for the Orb.
     0 | D:1      | Reached XP level 1. HP: 12/12 MP: 1/1
     0 | D:1      | 0 ||| qw: Version: 0.3-a-76-g4403597
     0 | D:1      | 0 ||| qw: Game counter: 276
     0 | D:1      | 0 ||| qw: Melee chars always use a shield: true
     0 | D:1      | 0 ||| qw: God list: Okawaru
     0 | D:1      | 0 ||| qw: Allow faded altars: false
     0 | D:1      | 0 ||| qw: Do Orc after clearing Dungeon:15 true
     0 | D:1      | 0 ||| qw: Do second Lair branch before Depths: true
     0 | D:1      | 0 ||| qw: Lair rune preference: random
     0 | D:1      | 0 ||| qw: Goals: Normal
     0 | D:1      | 0 ||| PLANNING D:1-11
   224 | D:1      | Reached XP level 2. HP: 17/17 MP: 2/2
   475 | D:1      | 475 ||| UPGRADING to +0 ring mail.
   485 | D:1      | 485 ||| DROPPING +0 leather armour.
   486 | D:1      | 486 ||| READING 2 scrolls labelled MONIAQE VEFAMI.
   487 | D:1      | 487 ||| READING scroll labelled TUIDDYERYC.
   488 | D:1      | 488 ||| READING scroll labelled IRPHAU RUNLEITO.
   489 | D:1      | 489 ||| DRINKING 3 amethyst potions.
   490 | D:1      | 490 ||| DROPPING scroll of butterflies.
   501 | D:2      | 501 ||| STAIRDANCE
   550 | D:2      | Reached skill level 1 in Armour
   559 | D:2      | Reached XP level 3. HP: 21/21 MP: 3/3
   740 | D:2      | Reached skill level 5 in Ranged Weapons
   943 | D:2      | Reached XP level 4. HP: 27/27 MP: 4/4
  1164 | D:2      | 1164 ||| UPGRADING to +0 cloak.
  1169 | D:2      | 1169 ||| READING scroll labelled AVAIXT JA SIU.
  1170 | D:2      | 1170 ||| READING scroll labelled ICAKOEH WEUL.
  1175 | D:2      | 1175 ||| READING 3 scrolls of identify.
  1175 | D:2      | 1175 ||| IDENTIFYING bubbling amethyst potion
  1176 | D:2      | 1176 ||| READING 2 scrolls of identify.
  1176 | D:2      | 1176 ||| IDENTIFYING gluggy clear potion
  1214 | D:3      | 1214 ||| PLANNING SEWER
  1214 | D:3      | 1214 ||| RETREATING.
  1215 | D:3      | 1215 ||| Stepping ~*~*~tactically~*~*~ (retreating).
  1223 | D:3      | HP: 6/27 [something (2)]
  1224 | D:3      | 1224 ||| DRINKING potion of heal wounds.
  1228 | D:3      | HP: 2/27 [orc priest/+0 hand axe (6)]
  1228 | D:3      | Slain by an orc

Levels and vault maps discovered:
D:1:      dpeg_arrival_lava_temple_mockup, layout_rooms, serial_forest,
          infiniplex_forest_clump_C, infiniplex_forest_straight_3,
          infiniplex_forest_lined_room_2, infiniplex_forest_clump_medium,
          infiniplex_forest_side_room, infiniplex_forest_lined_1
D:2:      layout_basic
D:3:      wander_river, layout_rooms, lemuel_coloured_pillars_altar,
          cheibrodos_sewer_entry_drain,
          shapermc_ecumenical_altar_mp_ritualfount, uniq_robin

Skill      XL: |  1  2  3 |
---------------+----------+-----
Armour         | 1 |  1.0
Ranged Weapons | 5 |  5.0
Fighting       | |  2.9
Dodging        | |  1.5
Stealth        | |  1.1

Action                     |  1- 3 |  4- 6 || total
---------------------------+-------+-------++-------
   Fire: Shortbow          |   112 |    16 ||   128
    Use: Scroll            |     3 |     4 ||     7
         Potion            |     1 |     1 ||     2
 Armour: Leather armour    |     3 |       ||     3
         Ring mail         |    33 |    26 ||    59
  Dodge: Dodged            |    33 |    11 ||    44

Table legend:
 A = Non-vault XP
 B = Vault XP
 C = Vault XP percentage of total XP
 D = Non-vault monster count
 E = Vault monster count
 F = Vault count percentage of total count
                 A         B        C        D         E       F
            +---------+---------+-------+---------+---------+-------
      Total |      89 |       0 |   0.0 |      33 |       0 |   0.0
            +---------+---------+-------+---------+---------+-------
        D:1 |      23 |       0 |   0.0 |      12 |       0 |   0.0
        D:2 |      63 |       0 |   0.0 |      20 |       0 |   0.0
        D:3 |       3 |       0 |   0.0 |       1 |       0 |   0.0
            +---------+---------+-------+---------+---------+-------
